General information
			
			
        
        - name: BNet
 
        - type: Ladder 1vs1/FFA
 
        - host: Battle.net
 
        - saver: tacoworld
 
        
map: LostTemple 
        - players: 2
 
        - length: 112:38
 
        - speed: Fast
 - version: 1.22 W3XP
 - replay type:  Public
 
» download(311 KB)
Players
        team 1 (winner) 
              
              
tacoworld (
red | 66 APM | 7386 actions | 112:38)
              
 9 Mountain King 
 3 Storm Bolt
 3 Thunder Clap
 2 Bash
 1 Avatar
 7 Paladin 
 3 Holy Light
 3 Divine Shield
 1 Devotion Aura
 6 Blood Mage 
 3 Flame Strike
 2 Banish
 1 Summon Phoenix
 
                » actions 
                
                | Assign group hotkey | 37 |  | 
| Basic commands | 265 |  | 
| Build / train | 194 |  | 
| ESC pressed | 5 |  | 
| Enter build submenu | 76 |  | 
| Enter hero's abilities submenu | 24 |  | 
| Give item / drop item | 6 |  | 
| Right click | 2741 |  | 
| Select / deselect | 1149 |  | 
| Select group hotkey | 2135 |  | 
| Use ability | 750 |  | 
                7386 total
 » units 
                
                | Peasant | 26 |  | 
| Footman | 5 |  | 
| Priest | 1 |  | 
| Siege Engine | 24 |  | 
| Sorceress | 5 |  | 
| Dragonhawk Rider | 11 |  | 
| Goblin Shredder | 3 |  | 
| Mortar Team | 4 |  | 
| Goblin Zeppelin | 4 |  | 
                83 total
 » upgrades
                
                | Masonry | 3 |  | 
| Lumber Harvesting | 2 |  | 
| Magic Sentry | 1 |  | 
| Gunpowder | 3 |  | 
| Swords | 1 |  | 
| Plating | 3 |  | 
| Sorceress Training | 2 |  | 
| Barrage | 1 |  | 
                16 total
 » buildings
                
                | Altar of Kings | 1 |  | 
| Barracks | 1 |  | 
| Farm | 12 |  | 
| Scout Tower | 187 |  | 
| Lumber Mill | 3 |  | 
| Guard Tower | 37 |  | 
| Keep | 4 |  | 
| Town Hall | 4 |  | 
| Castle | 1 |  | 
| Arcane Sanctum | 1 |  | 
| Arcane Vault | 2 |  | 
| Blacksmith | 1 |  | 
| Workshop | 2 |  | 
| Arcane Tower | 7 |  | 
| Gryphon Aviary | 2 |  | 
                265 total
 » build order
                00:05 Altar of Kings
00:13 Barracks
00:27 Farm
01:17 Farm
02:41 Scout Tower
02:58 Lumber Mill
03:42 Guard Tower
03:45 Farm
04:31 Scout Tower
04:35 Scout Tower
04:38 Scout Tower
04:39 Scout Tower
04:40 Scout Tower
04:56 Keep
04:57 Keep
04:57 Keep
04:57 Keep
05:52 Guard Tower
06:02 Town Hall
06:16 Guard Tower
07:37 Guard Tower
08:13 Scout Tower
08:17 Scout Tower
08:19 Scout Tower
08:36 Farm
08:37 Farm
08:39 Farm
08:39 Farm
09:04 Guard Tower
09:54 Castle
09:56 Guard Tower
10:10 Lumber Mill
10:56 Scout Tower
10:57 Scout Tower
10:57 Scout Tower
10:59 Scout Tower
11:02 Scout Tower
11:03 Scout Tower
11:04 Scout Tower
11:06 Scout Tower
11:18 Arcane Sanctum
11:42 Arcane Vault
12:09 Guard Tower
12:42 Scout Tower
12:43 Guard Tower
13:17 Guard Tower
13:24 Blacksmith
13:45 Guard Tower
13:48 Scout Tower
14:37 Scout Tower
14:38 Scout Tower
14:38 Scout Tower
14:39 Scout Tower
14:42 Scout Tower
14:43 Scout Tower
14:44 Scout Tower
14:44 Scout Tower
14:45 Scout Tower
14:46 Scout Tower
15:04 Scout Tower
15:05 Scout Tower
15:06 Scout Tower
15:10 Workshop
15:37 Guard Tower
16:30 Scout Tower
16:31 Scout Tower
16:33 Scout Tower
16:35 Scout Tower
17:09 Scout Tower
17:09 Scout Tower
17:10 Scout Tower
17:28 Guard Tower
17:31 Scout Tower
17:31 Scout Tower
17:32 Scout Tower
17:43 Scout Tower
17:43 Scout Tower
17:44 Scout Tower
17:45 Guard Tower
17:47 Scout Tower
17:47 Scout Tower
18:25 Guard Tower
18:30 Arcane Tower
18:42 Arcane Tower
18:46 Scout Tower
18:47 Scout Tower
18:48 Scout Tower
18:48 Scout Tower
20:01 Arcane Tower
20:02 Scout Tower
20:04 Scout Tower
20:05 Scout Tower
20:27 Scout Tower
20:28 Guard Tower
20:33 Guard Tower
22:28 Guard Tower
22:49 Arcane Vault
23:57 Lumber Mill
27:17 Gryphon Aviary
27:20 Gryphon Aviary
27:28 Scout Tower
27:28 Scout Tower
27:30 Scout Tower
27:31 Scout Tower
27:32 Scout Tower
27:33 Scout Tower
28:15 Scout Tower
28:17 Scout Tower
28:18 Scout Tower
28:22 Scout Tower
28:23 Scout Tower
28:24 Scout Tower
28:24 Scout Tower
29:05 Guard Tower
35:56 Scout Tower
35:57 Scout Tower
36:38 Farm
36:46 Guard Tower
38:30 Scout Tower
38:31 Scout Tower
38:32 Scout Tower
38:34 Scout Tower
38:35 Scout Tower
38:36 Scout Tower
38:39 Scout Tower
38:40 Scout Tower
38:40 Scout Tower
38:41 Scout Tower
38:42 Scout Tower
38:42 Scout Tower
39:30 Guard Tower
39:32 Guard Tower
39:33 Guard Tower
40:20 Guard Tower
40:21 Town Hall
43:57 Scout Tower
43:58 Scout Tower
45:37 Scout Tower
45:39 Scout Tower
45:40 Scout Tower
45:41 Scout Tower
45:41 Scout Tower
45:42 Scout Tower
45:43 Scout Tower
45:43 Scout Tower
46:10 Guard Tower
46:14 Scout Tower
46:14 Scout Tower
46:15 Scout Tower
46:17 Scout Tower
46:18 Scout Tower
46:19 Scout Tower
46:20 Scout Tower
46:21 Scout Tower
46:29 Arcane Tower
46:35 Scout Tower
46:36 Scout Tower
46:38 Guard Tower
47:02 Guard Tower
47:06 Town Hall
47:08 Guard Tower
47:16 Guard Tower
47:18 Scout Tower
47:19 Scout Tower
47:20 Scout Tower
47:49 Guard Tower
48:33 Guard Tower
48:35 Scout Tower
48:35 Scout Tower
48:42 Scout Tower
48:43 Scout Tower
50:43 Guard Tower
50:48 Scout Tower
50:49 Scout Tower
50:50 Scout Tower
51:32 Workshop
52:14 Guard Tower
62:28 Scout Tower
62:29 Scout Tower
62:30 Scout Tower
62:31 Scout Tower
62:59 Farm
63:00 Farm
63:00 Farm
64:58 Arcane Tower
68:19 Scout Tower
68:21 Scout Tower
68:21 Scout Tower
68:22 Scout Tower
68:23 Scout Tower
68:23 Scout Tower
68:24 Scout Tower
68:25 Scout Tower
68:25 Scout Tower
68:26 Scout Tower
68:28 Scout Tower
68:28 Scout Tower
68:29 Scout Tower
68:29 Scout Tower
68:30 Scout Tower
68:30 Scout Tower
68:30 Scout Tower
68:31 Scout Tower
70:29 Guard Tower
70:30 Guard Tower
70:32 Town Hall
75:30 Scout Tower
75:31 Scout Tower
75:32 Scout Tower
75:33 Scout Tower
75:35 Scout Tower
75:38 Scout Tower
75:39 Scout Tower
75:41 Scout Tower
75:42 Scout Tower
75:45 Scout Tower
75:47 Scout Tower
75:48 Scout Tower
75:49 Scout Tower
75:52 Scout Tower
75:53 Scout Tower
75:54 Scout Tower
75:55 Scout Tower
75:55 Scout Tower
75:56 Scout Tower
75:56 Scout Tower
75:57 Scout Tower
75:58 Scout Tower
75:58 Scout Tower
75:59 Scout Tower
76:01 Scout Tower
76:01 Scout Tower
76:01 Scout Tower
76:04 Scout Tower
76:04 Scout Tower
76:05 Scout Tower
78:09 Guard Tower
78:11 Guard Tower
79:04 Guard Tower
81:23 Scout Tower
81:24 Scout Tower
81:25 Scout Tower
81:26 Scout Tower
81:27 Scout Tower
81:28 Scout Tower
81:29 Scout Tower
81:31 Scout Tower
81:32 Scout Tower
81:34 Scout Tower
81:35 Scout Tower
81:36 Scout Tower
81:38 Scout Tower
81:39 Scout Tower
81:40 Scout Tower
81:42 Scout Tower
81:43 Scout Tower
81:45 Scout Tower
81:46 Scout Tower
81:57 Scout Tower
81:59 Scout Tower
82:01 Scout Tower
82:42 Scout Tower
83:45 Arcane Tower
84:11 Arcane Tower
» items
                
                | Staff of Teleportation | 3 |  | 
| Boots of Speed | 3 |  | 
| Tome of Retraining | 1 |  | 
| Staff of Sanctuary | 3 |  | 
| Orb of Fire | 3 |  | 
| Potion of Healing | 1 |  | 
| Mechanical Critter | 1 |  | 
                15 total
  
               team 2 (loser) 
              
              
ImSeri0us (
teal | 36 APM | 4041 actions | 112:36)
              
 10 Crypt Lord 
 3 Impale
 3 Spiked Carapace
 1 Locust Swarm
 3 Carrion Beetles
 5 Death Knight 
 3 Death Coil
 2 Unholy Aura
 
                » actions 
                
                | Assign group hotkey | 4 |  | 
| Basic commands | 786 |  | 
| Build / train | 224 |  | 
| Enter build submenu | 118 |  | 
| Enter hero's abilities submenu | 15 |  | 
| Give item / drop item | 4 |  | 
| Right click | 1351 |  | 
| Select / deselect | 1261 |  | 
| Select group hotkey | 39 |  | 
| Use ability | 239 |  | 
                4041 total
 » units 
                
                | Acolyte | 39 |  | 
| Ghoul | 22 |  | 
| Crypt Fiend | 18 |  | 
| Frost Wyrm | 34 |  | 
| Goblin Zeppelin | 1 |  | 
                114 total
 » upgrades
                
                | Creature Attack | 3 |  | 
| Creature Carapace | 3 |  | 
| Web | 2 |  | 
| Freezing Breath | 1 |  | 
                9 total
 » buildings
                
                | Altar of Darkness | 4 |  | 
| Graveyard | 3 |  | 
| Ziggurat | 57 |  | 
| Crypt | 7 |  | 
| Spirit Tower | 62 |  | 
| Halls of the Dead | 7 |  | 
| Sacrificial Pit | 2 |  | 
| Black Citadel | 3 |  | 
| Necropolis | 6 |  | 
| Boneyard | 5 |  | 
| Tomb of Relics | 1 |  | 
                157 total
 » build order
                00:32 Altar of Darkness
00:36 Altar of Darkness
00:39 Graveyard
00:45 Ziggurat
01:07 Crypt
01:34 Crypt
01:48 Ziggurat
03:08 Ziggurat
04:13 Ziggurat
05:04 Ziggurat
05:16 Spirit Tower
05:17 Spirit Tower
06:06 Halls of the Dead
08:33 Spirit Tower
08:45 Ziggurat
08:49 Ziggurat
10:23 Sacrificial Pit
11:07 Ziggurat
11:09 Spirit Tower
13:16 Spirit Tower
13:17 Spirit Tower
13:41 Spirit Tower
13:44 Ziggurat
14:16 Black Citadel
14:19 Ziggurat
14:22 Ziggurat
14:24 Ziggurat
14:25 Ziggurat
14:33 Necropolis
15:56 Spirit Tower
15:57 Spirit Tower
15:57 Spirit Tower
16:00 Ziggurat
16:39 Boneyard
17:30 Boneyard
17:35 Boneyard
18:29 Ziggurat
18:31 Ziggurat
18:34 Ziggurat
18:36 Ziggurat
18:43 Ziggurat
19:28 Ziggurat
19:45 Ziggurat
20:19 Spirit Tower
20:20 Spirit Tower
20:22 Spirit Tower
20:23 Spirit Tower
20:25 Ziggurat
20:29 Ziggurat
20:34 Spirit Tower
20:34 Spirit Tower
20:34 Spirit Tower
22:19 Spirit Tower
23:38 Spirit Tower
23:39 Spirit Tower
28:35 Spirit Tower
28:36 Spirit Tower
29:13 Ziggurat
29:27 Ziggurat
30:12 Ziggurat
30:14 Ziggurat
30:16 Ziggurat
30:37 Ziggurat
30:38 Spirit Tower
30:40 Ziggurat
30:42 Ziggurat
30:58 Spirit Tower
31:58 Spirit Tower
31:59 Spirit Tower
32:03 Necropolis
32:06 Ziggurat
32:31 Spirit Tower
32:32 Spirit Tower
33:49 Spirit Tower
33:49 Spirit Tower
34:00 Spirit Tower
34:04 Necropolis
34:20 Spirit Tower
34:20 Spirit Tower
34:24 Necropolis
34:54 Ziggurat
34:57 Ziggurat
36:12 Spirit Tower
37:13 Spirit Tower
37:14 Spirit Tower
37:21 Crypt
40:18 Graveyard
40:23 Crypt
44:01 Ziggurat
44:07 Ziggurat
44:11 Ziggurat
44:32 Ziggurat
44:56 Spirit Tower
45:18 Spirit Tower
45:18 Spirit Tower
45:29 Tomb of Relics
46:13 Ziggurat
46:15 Ziggurat
46:19 Spirit Tower
46:20 Spirit Tower
46:20 Spirit Tower
46:20 Spirit Tower
46:50 Halls of the Dead
46:50 Halls of the Dead
46:51 Halls of the Dead
47:15 Spirit Tower
47:15 Spirit Tower
47:19 Spirit Tower
47:20 Spirit Tower
47:20 Spirit Tower
47:48 Ziggurat
47:52 Ziggurat
48:14 Ziggurat
48:44 Spirit Tower
48:48 Ziggurat
49:23 Spirit Tower
54:10 Spirit Tower
54:10 Spirit Tower
55:10 Black Citadel
70:48 Necropolis
71:01 Crypt
71:08 Ziggurat
71:20 Altar of Darkness
76:01 Ziggurat
80:40 Ziggurat
87:51 Necropolis
87:55 Ziggurat
89:17 Crypt
89:20 Crypt
89:41 Ziggurat
89:44 Ziggurat
89:51 Ziggurat
89:53 Ziggurat
90:14 Ziggurat
91:07 Graveyard
91:38 Altar of Darkness
91:42 Ziggurat
94:44 Halls of the Dead
97:29 Sacrificial Pit
97:45 Spirit Tower
97:48 Spirit Tower
97:50 Spirit Tower
99:18 Black Citadel
101:26 Spirit Tower
101:27 Spirit Tower
101:46 Boneyard
102:05 Boneyard
102:32 Spirit Tower
102:35 Spirit Tower
102:48 Ziggurat
108:02 Ziggurat
109:08 Spirit Tower
111:34 Ziggurat
» items
                 
                Chat log
          
(02:05 / All) ImSeri0us:  can u let me win?
(02:09 / All) tacoworld: sure
(02:17 / All) tacoworld: are you serious?
(02:21 / All) ImSeri0us: no
(02:25 / All) ImSeri0us: no
(02:30 / All) tacoworld: worst name ever
(06:29 / All) tacoworld: how's it goping?
(06:39 / All) ImSeri0us: not good
(06:43 / All) tacoworld: sad
(41:29 / All) ImSeri0us: ?
(41:32 / All) ImSeri0us: u give?
(41:51 / All) tacoworld: no do you
(41:53 / All) tacoworld: gg i win
(43:25 / All) tacoworld: ops
(43:50 / All) tacoworld: still getting use to staffing wm ouse
(46:34 / All) ImSeri0us: u rdy?
(46:42 / All) tacoworld: ig uess
(47:02 / All) ImSeri0us: which one iu one me to attack
(47:23 / All) tacoworld: your call
(48:07 / All) ImSeri0us: y?
(48:17 / All) tacoworld: i beleive a man should contrl his own destiny
(48:46 / All) tacoworld: how much gold u got?
(48:51 / All) ImSeri0us: lots
(48:53 / All) tacoworld: nice
(50:37 / All) ImSeri0us: y?
(50:46 / All) tacoworld: reduce gold production
(50:53 / All) ImSeri0us: i hate u
(50:59 / All) tacoworld: where you from?
(51:15 / All) ImSeri0us: tdot
(51:23 / All) tacoworld: where's that
(51:29 / All) ImSeri0us: toronto
(51:32 / All) tacoworld: nice
(51:34 / All) tacoworld: you know bear_and?
(51:39 / All) tacoworld: he plays war3
(51:44 / All) tacoworld: his website is http://highper.ch
(54:19 / All) ImSeri0us: y?
(54:45 / All) tacoworld: staff and laugh
(55:00 / All) ImSeri0us: man u aint got shit
(57:30 / All) ImSeri0us: ur so cheap
(67:43 / All) ImSeri0us: wtf u doing?
(67:49 / All) tacoworld: chillin
(67:51 / All) tacoworld: relaxin
(67:53 / All) tacoworld: maxin all cool
(70:25 / All) tacoworld: gg
(78:35 / All) ImSeri0us: this is gay
(78:38 / All) tacoworld: you are gay
(78:41 / All) tacoworld: have you thought of that possibility
(78:44 / All) tacoworld: why else would you still be in this game
(78:57 / All) ImSeri0us: whats the possibility
(79:01 / All) tacoworld: that you are the gay one
(79:07 / All) ImSeri0us: that ur mom suck me last night
(79:17 / All) tacoworld: are you mad
(79:21 / All) ImSeri0us: nah
(79:24 / All) tacoworld: cool
(79:26 / All) tacoworld: just amkin sure
(79:27 / All) ImSeri0us: i hD  great time
(79:31 / All) tacoworld: yeah it was good
(80:09 / All) tacoworld: ow
(90:03 / All) ImSeri0us: hi
(93:18 / All) ImSeri0us: lets make it a DRAW
(93:26 / All) tacoworld: not done with staff practice
(93:41 / All) ImSeri0us: hpw p;d r u?
(93:46 / All) tacoworld: 27
(93:55 / All) tacoworld: you?
(93:58 / All) ImSeri0us: what do you want from me
(94:12 / All) tacoworld: cash
(94:13 / All) tacoworld: paypal me 
(94:21 / All) ImSeri0us: fuck off
(94:26 / All) ImSeri0us: suck my dick
(94:32 / All) tacoworld: NEVER
(94:54 / All) tacoworld: why are you still playing?
(95:12 / All) ImSeri0us: nah im gonna leave soon
(96:01 / All) tacoworld: got my mage
(96:03 / All) tacoworld: congrattssssssss
(96:22 / All) tacoworld: damn this like a snickers commercial or some shit 
(96:26 / All) ImSeri0us: im gonnA GO SPARK A j
(96:32 / All) tacoworld: nooooooice
(96:34 / All) ImSeri0us: LATER FAG
(96:34 / All) tacoworld: me too
(96:35 / All) tacoworld: brb
(98:02 / All) tacoworld: hey do you know where I can get some oxy?
(98:08 / All) ImSeri0us: yes
(98:10 / All) tacoworld: sweet
(98:11 / All) tacoworld: where
(98:12 / All) ImSeri0us: supply store
(98:19 / All) tacoworld: damn canada is crazy
(98:35 / All) ImSeri0us: why where u from?
(98:39 / All) tacoworld: California
(98:42 / All) tacoworld: home of all towering bastards
(98:50 / All) ImSeri0us: yo you gonna let me win this or what
(98:56 / All) tacoworld: yo of course bro
(98:57 / All) ImSeri0us: i need 25 win
(99:02 / All) tacoworld: are you serious?
(99:05 / All) ImSeri0us: to play dota
(99:10 / All) tacoworld: awww damn
(99:12 / All) ImSeri0us: in tda
(99:14 / All) tacoworld: you should loss bot more
(99:29 / All) tacoworld: how about I just give you the password to this account?
(99:29 / All) ImSeri0us: yo fagget  u cant finish me
(99:34 / All) ImSeri0us: nah
(99:40 / All) ImSeri0us: fuck ur gay taco acc
(99:47 / All) tacoworld: fuck YOUR gay taco account
(99:54 / All) ImSeri0us: lol
(100:41 / All) tacoworld: DINO DAMAGE
(102:18 / All) ImSeri0us: whatrs happening
(102:23 / All) tacoworld: roommate si making dinner
(102:31 / All) tacoworld: im thinking about whether or not I want to continue staff practice
(102:35 / All) tacoworld: or join her in dinner preparation
(103:28 / All) ImSeri0us: u like what u see?
(103:32 / All) tacoworld: pretty good
(103:33 / All) tacoworld: i guess
(104:08 / All) tacoworld: its a little sad
(104:12 / All) tacoworld: because it means staff practice is over soon
(104:13 / All) tacoworld: it was fun
(104:25 / All) ImSeri0us: ?
(104:38 / All) tacoworld: oh i got around to finally binding mouse keys to staffs
(104:39 / All) tacoworld: staves
(105:14 / All) ImSeri0us: so lets draw the game
(105:25 / All) ImSeri0us: u wont finish me
(105:58 / All) ImSeri0us: u like?
(106:02 / All) tacoworld: yeah sweeet
(106:11 / All) ImSeri0us: what u gonna do?
(106:15 / All) tacoworld: dunno
(106:27 / All) ImSeri0us: looks like we staying up all night
(106:33 / All) tacoworld: you got that right baby
(106:56 / All) ImSeri0us: and looks like u gonna lose lol
(107:01 / All) tacoworld: looks like it
(107:30 / All) tacoworld: FUCKKKK
(107:34 / All) tacoworld: im losin lol
(108:09 / All) tacoworld: my bird hates your bird lol
(108:13 / All) tacoworld: BOOM
(109:26 / All) ImSeri0us: u brining ur army here
(109:32 / All) tacoworld: already there
(109:34 / All) tacoworld: we're having a lil party
(110:03 / All) tacoworld: a chick just showed up at the party
(110:13 / All) ImSeri0us: where she at
(110:21 / All) ImSeri0us: i already dealt with that
(111:09 / All) tacoworld: ur spider hurt my dude
(111:12 / All) tacoworld: sorry i had to send it to heaven
(112:12 / All) tacoworld: you guys scared
(112:14 / All) tacoworld: you may be dead
(112:17 / All) tacoworld: but you still are flammable